[Event "SVK Amateur-ch 2020"]
[Site "Topolcany"]
[Date "2020.07.10"]
[Round "2.5"]
[White "Podoba, Milan"]
[Black "Takacs, Laszlo"]
[Result "0-1"]
[ECO "B22"]
[WhiteElo "2023"]
[BlackElo "2187"]
[Annotator "RC"]
[PlyCount "96"]
[EventDate "2020.07.10"]
[EventType "swiss"]
[EventCountry "SVK"]
[SourceTitle "playchess.com"]
[Source "ChessBase"]
[SourceQuality "1"]
[TimeControl "3600+30"]

1. e4 c5 2. c3 d5 3. exd5 Qxd5 4. d4 Bf5 5. Nf3 e6 6. Be2 Nf6 7. O-O Be7 8. dxc5 Qxd1 9. Rxd1 Bxc5 10. Nd4 O-O 11. Be3 Bg4 12. f3 Bh5 13. Nd2 Nc6 14. N2b3 Bb6 15. Bf2 Nxd4 16. Bxd4 Bxd4+ 17. Rxd4 e5 18. Rd2 Rac8 19. Rad1 a6 20. Kf1 Rfe8 21. Na5 Rc7 22. Rd8 Kf8 23. Rxe8+ Kxe8 24. Nc4 Re7 25. Nd6+ Kf8 26. Nc8 Rd7 27. Rxd7 Nxd7 28. Nd6 b5 29. a4 bxa4 30. Bxa6 Nc5 31. Bb5 Bg6 32. Ne4 Bxe4 33. fxe4 h5 34. Ke2 g6 35. Bc6 Ke7 36. Ke3 f5 37. g3 Kf6 38. h4 f4+ 39. gxf4 exf4+ 40. Kd4 Ne6+ 41. Kd3 Ke5 42. Be8 g5 43. hxg5 h4 44. Ke2 Nxg5 45. Bxa4 f3+ 46. Kf2 Kf4 47. Bd7 Nxe4+ 48. Kf1 Ke5 0-1

[Event "SVK Amateur-ch 2020"]
[Site "Topolcany"]
[Date "2020.07.10"]
[Round "2.5"]
[White "Panda Gyorgy"]
[Black "Pejko Otomar"]
[Result "1/2-1/2"]
[ECO "A52"]
[WhiteElo "1773"]
[BlackElo "2138"]
[Annotator "ChessBase"]
[PlyCount "55"]
[EventDate "2020.07.10"]
[EventType "swiss"]
[EventCountry "SVK"]
[SourceTitle "playchess.com"]
[Source "ChessBase"]
[SourceQuality "1"]
[TimeControl "3600+30"]

1. d4 Nf6 2. c4 e5 3. dxe5 Ng4 4. e3 Nxe5 5. Nf3 Nbc6 6. a3 Be7 7. Be2 d6 8. O-O Be6 9. Qc2 O-O 10. b4 Nxf3+ 11. Bxf3 Bf6 12. Ra2 Qc8 13. Nd2 a5 14. b5 Ne5 15. Be2 Nd7 16. Ne4 Be7 17. Bb2 f5 18. Ng3 g6 19. Bd4 Bf6 20. Rb2 b6 21. Bf3 Rb8 22. Ne2 Be5 23. Nf4 Bf7 24. Nd5 Bxd5 25. Bxd5+ Kg7 26. Qc3 Bxd4 27. Qxd4+ Nf6 28. Bc6 1/2-1/2

[Event "SVK Amateur-ch 2020"]
[Site "Topolcany"]
[Date "2020.07.10"]
[Round "2.6"]
[White "Szabo Ervin"]
[Black "Sarkozi Szabolcs"]
[Result "0-1"]
[ECO "A83"]
[WhiteElo "1809"]
[BlackElo "2123"]
[Annotator "ChessBase"]
[PlyCount "57"]
[EventDate "2020.07.10"]
[EventType "swiss"]
[EventCountry "SVK"]
[SourceTitle "playchess.com"]
[Source "ChessBase"]
[SourceQuality "1"]
[TimeControl "3600+30"]

1. d4 f5 2. e4 fxe4 3. Nc3 Nf6 4. Bg5 Nc6 5. Bxf6 exf6 6. d5 Ne5 7. Nxe4 f5 8. Nc3 d6 9. Qd4 Be7 10. O-O-O O-O 11. Kb1 Bf6 12. Qd2 Bd7 13. f4 Ng4 14. Nh3 Re8 15. Bd3 b5 16. Rde1 b4 17. Nd1 a5 18. Nhf2 Nxf2 19. Qxf2 a4 20. Re2 Rxe2 21. Qxe2 Qb8 22. Re1 b3 23. a3 bxc2+ 24. Qxc2 Qb6 25. Bxf5 Bxf5 26. Qxf5 Rb8 27. Qe6+ Kf8 28. Qe3 Qb5 29. Nc3 0-1

[Event "SVK Amateur-ch 2020"]
[Site "Topolcany"]
[Date "2020.07.10"]
[Round "2.7"]
[White "Bango, Lukas"]
[Black "Dziewonski, Dariusz"]
[Result "0-1"]
[ECO "A04"]
[WhiteElo "2153"]
[BlackElo "2029"]
[Annotator "ChessBase"]
[PlyCount "118"]
[EventDate "2020.07.10"]
[EventType "swiss"]
[EventCountry "SVK"]
[SourceTitle "playchess.com"]
[Source "ChessBase"]
[SourceQuality "1"]
[TimeControl "3600+30"]

1. Nf3 e6 2. g3 d5 3. Bg2 Nf6 4. O-O Be7 5. d3 O-O 6. Nbd2 b6 7. b3 Bb7 8. Bb2 Nbd7 9. c4 c5 10. e3 Rc8 11. Rc1 h6 12. Rc2 Re8 13. Qa1 Bd6 14. Rfc1 e5 15. cxd5 Bxd5 16. Nc4 Qe7 17. Rd2 Bb8 18. d4 cxd4 19. exd4 Bxf3 20. Bxf3 exd4 21. Bxd4 Ne5 22. Nxe5 Rxc1+ 23. Qxc1 Bxe5 24. Be3 Rd8 25. Rxd8+ Qxd8 26. Qc4 Qc7 27. Qb5 Bd6 28. Qf5 Qd7 29. Qc2 Qc7 30. Qb2 Be5 31. Qe2 Qc3 32. Qa6 Qc7 33. Kg2 Qb8 34. a4 Qc7 35. Qb5 Bd6 36. Bd4 Bc5 37. Bxc5 Qxc5 38. Qxc5 bxc5 39. Kf1 Kf8 40. Ke2 Nd7 41. Bc6 Ke7 42. Bxd7 Kxd7 43. Kd3 Kc6 44. Ke4 Kd6 45. h4 g6 46. h5 Ke6 47. g4 gxh5 48. gxh5 f5+ 49. Ke3 Ke5 50. f4+ Kd6 51. Kd2 Kd5 52. Kd3 a5 53. Ke3 c4 54. bxc4+ Kxc4 55. Kd2 Kd4 56. Ke2 Ke4 57. Kf2 Kxf4 58. Kg2 Kg5 59. Kg3 Kxh5 0-1

[Event "SVK Amateur-ch 2020"]
[Site "Topolcany"]
[Date "2020.07.10"]
[Round "2.9"]
[White "Lach, Piotr"]
[Black "Wozniak Marcin"]
[Result "1/2-1/2"]
[ECO "C54"]
[WhiteElo "2086"]
[BlackElo "1864"]
[Annotator "ChessBase"]
[PlyCount "41"]
[EventDate "2020.07.10"]
[EventType "swiss"]
[EventCountry "SVK"]
[SourceTitle "playchess.com"]
[Source "ChessBase"]
[SourceQuality "1"]
[TimeControl "3600+30"]

1. e4 e5 2. Nf3 Nc6 3. Bc4 Nf6 4. d3 Bc5 5. O-O d6 6. c3 Bb6 7. Bb3 Bg4 8. h3 Be6 9. Nbd2 Qd7 10. Bxe6 fxe6 11. Nc4 Ne7 12. Qb3 h6 13. a4 c5 14. a5 Bc7 15. Qxb7 O-O 16. Qb3 Ng6 17. Qd1 Qf7 18. Na3 Rad8 19. Qe2 Nh5 20. Ne1 Nhf4 21. Qe3 1/2-1/2

[Event "SVK Amateur-ch 2020"]
[Site "Topolcany"]
[Date "2020.07.10"]
[Round "2.10"]
[White "Macko, Michal"]
[Black "Panko, Radoslav"]
[Result "1/2-1/2"]
[ECO "A40"]
[WhiteElo "2145"]
[BlackElo "2031"]
[Annotator "ChessBase"]
[PlyCount "91"]
[EventDate "2020.07.10"]
[EventType "swiss"]
[EventCountry "SVK"]
[SourceTitle "playchess.com"]
[Source "ChessBase"]
[SourceQuality "1"]
[TimeControl "3600+30"]

1. d4 e6 2. Bf4 Nf6 3. e3 b6 4. Nd2 Bb7 5. Ngf3 h6 6. h3 d6 7. Bd3 Nbd7 8. c3 g5 9. Bg3 Bg7 10. Qe2 a6 11. a4 Qe7 12. a5 b5 13. c4 e5 14. Bf5 exd4 15. exd4 Qxe2+ 16. Kxe2 bxc4 17. Nxc4 Nh5 18. Kd3 Nxg3 19. fxg3 Nf6 20. Ne3 Nh5 21. Rhc1 Kd8 22. Nf1 Re8 23. Ra4 Rb8 24. Rac4 Re7 25. Bg4 Nf6 26. Ne3 Nxg4 27. hxg4 Be4+ 28. Kc3 c5 29. Nf5 Bxf5 30. gxf5 Rb5 31. Kd3 Rxa5 32. dxc5 dxc5 33. Rxc5 Rd7+ 34. Ke2 Rxc5 35. Rxc5 Bxb2 36. Rc6 Ra7 37. Kd3 a5 38. Kc2 Bg7 39. Kb3 a4+ 40. Ka2 Kd7 41. f6 Kxc6 42. fxg7 Ra8 43. Nd4+ Kd5 44. Nf5 Kc5 45. g4 Rg8 46. g3 1/2-1/2

[Event "SVK Amateur-ch 2020"]
[Site "Topolcany"]
[Date "2020.07.10"]
[Round "2.10"]
[White "Szitas, Gabor"]
[Black "Adda Peter"]
[Result "1-0"]
[ECO "B31"]
[WhiteElo "2082"]
[BlackElo "1000"]
[Annotator "ChessBase"]
[PlyCount "65"]
[EventDate "2020.07.10"]
[EventType "swiss"]
[EventCountry "SVK"]
[SourceTitle "playchess.com"]
[Source "ChessBase"]
[SourceQuality "1"]
[TimeControl "3600+30"]

1. e4 c5 2. Nf3 Nc6 3. Bb5 g6 4. O-O Bg7 5. Nc3 d6 6. d3 Nf6 7. e5 dxe5 8. Nxe5 Bd7 9. Nxd7 Qxd7 10. Qf3 Rc8 11. Be3 a6 12. Bxc6 Qxc6 13. Qxc6+ Rxc6 14. Rab1 e6 15. Rfe1 O-O 16. Bd2 Rd8 17. b3 b5 18. a4 b4 19. Ne4 Nd5 20. Kf1 h6 21. h4 f5 22. Ng3 Kf7 23. Ne2 a5 24. g3 Nb6 25. Rbd1 Nd5 26. Ng1 Bc3 27. Nf3 Bg7 28. Bxh6 Nc3 29. Bxg7 Nxd1 30. Ne5+ Kxg7 31. Nxc6 Rd6 32. Nxa5 Nc3 33. Nb7 1-0

[Event "SVK Amateur-ch 2020"]
[Site "Topolcany"]
[Date "2020.07.10"]
[Round "2.11"]
[White "Kucera, Michal"]
[Black "Oprea, Erik"]
[Result "0-1"]
[ECO "B00"]
[WhiteElo "1978"]
[BlackElo "2113"]
[Annotator "ChessBase"]
[PlyCount "78"]
[EventDate "2020.07.10"]
[EventType "swiss"]
[EventCountry "SVK"]
[SourceTitle "playchess.com"]
[Source "ChessBase"]
[SourceQuality "1"]
[TimeControl "3600+30"]

1. e4 d6 2. d4 Nd7 3. f4 e5 4. Nf3 Ngf6 5. Nc3 exd4 6. Qxd4 Nc5 7. Bc4 Ne6 8. Qd3 Be7 9. Bd2 O-O 10. O-O c6 11. Kh1 b5 12. Bxe6 fxe6 13. Nd4 Bd7 14. Qe2 b4 15. Nd1 c5 16. Nf3 Qb6 17. c4 Qb7 18. Nf2 Nh5 19. Nd3 g6 20. b3 Bc6 21. Rae1 a5 22. g4 Ng7 23. h4 a4 24. Kh2 axb3 25. axb3 Ra2 26. Nc1 Rb2 27. Qe3 Ne8 28. Re2 Nf6 29. Rg1 Nxe4 30. h5 Rf7 31. Ng5 Bxg5 32. fxg5 d5 33. Be1 d4 34. Qd3 Qb8+ 35. Bg3 Nxg3 36. Qxg3 Rxe2+ 37. Nxe2 Qf8 38. Re1 Rf2+ 39. Kh3 Rf3 0-1

[Event "SVK Amateur-ch 2020"]
[Site "Topolcany"]
[Date "2020.07.10"]
[Round "2.11"]
[White "Mazak Vladimir"]
[Black "Cedzo Adam"]
[Result "0-1"]
[ECO "C30"]
[WhiteElo "1000"]
[BlackElo "1974"]
[Annotator "ChessBase"]
[PlyCount "40"]
[EventDate "2020.07.10"]
[EventType "swiss"]
[EventCountry "SVK"]
[SourceTitle "playchess.com"]
[Source "ChessBase"]
[SourceQuality "1"]
[TimeControl "3600+30"]

1. e4 e5 2. f4 d6 3. Nf3 Nc6 4. Bc4 Be7 5. O-O Nf6 6. Ng5 O-O 7. Nxf7 Rxf7 8. Bxf7+ Kxf7 9. fxe5 dxe5 10. Nc3 Kg8 11. Qe2 Nd4 12. Qc4+ Be6 13. Nd5 Nxd5 14. exd5 Bxd5 15. Qd3 Bc5 16. Kh1 Qg5 17. Qh3 Qg6 18. b4 Nxc2 19. bxc5 Nxa1 20. Bb2 Nc2 0-1

[Event "SVK Amateur-ch 2020"]
[Site "Topolcany"]
[Date "2020.07.10"]
[Round "2.12"]
[White "Balint, Vilmos"]
[Black "Vargyas, Zoltan"]
[Result "1-0"]
[ECO "E63"]
[WhiteElo "2143"]
[BlackElo "2023"]
[Annotator "ChessBase"]
[PlyCount "63"]
[EventDate "2020.07.10"]
[EventType "swiss"]
[EventCountry "SVK"]
[SourceTitle "playchess.com"]
[Source "ChessBase"]
[SourceQuality "1"]
[TimeControl "3600+30"]

1. Nf3 Nf6 2. g3 g6 3. Bg2 Bg7 4. c4 O-O 5. d4 d6 6. O-O Nc6 7. Nc3 a6 8. h3 Rb8 9. e3 b5 10. Nd2 Bd7 11. Qe2 Re8 12. b3 e5 13. d5 Nd4 14. Qd1 Nf5 15. Bb2 bxc4 16. Nxc4 Qc8 17. Rc1 c5 18. e4 Nd4 19. Nxd6 Qd8 20. Nxe8 Nxe8 21. Re1 Nd6 22. Ne2 Qa5 23. Nxd4 exd4 24. e5 Nf5 25. e6 Be8 26. Re2 Bh6 27. exf7+ Bxf7 28. Rc4 Rd8 29. Rec2 Bf8 30. b4 cxb4 31. g4 Nh4 32. Qxd4 1-0

[Event "SVK Amateur-ch 2020"]
[Site "Topolcany"]
[Date "2020.07.10"]
[Round "2.12"]
[White "Mrkvik Jan"]
[Black "Rakovsky, Jakub"]
[Result "1-0"]
[ECO "D32"]
[WhiteElo "1942"]
[BlackElo "1644"]
[Annotator "ChessBase"]
[PlyCount "63"]
[EventDate "2020.07.10"]
[EventType "swiss"]
[EventCountry "SVK"]
[SourceTitle "playchess.com"]
[Source "ChessBase"]
[SourceQuality "1"]
[TimeControl "3600+30"]

1. d4 d5 2. Nf3 c5 3. e3 Nc6 4. c4 e6 5. Nc3 Nf6 6. cxd5 exd5 7. Bb5 a6 8. Ba4 cxd4 9. Nxd4 Bd7 10. O-O Rc8 11. Bb3 Be6 12. Nxc6 bxc6 13. Qd3 a5 14. Rd1 Bd6 15. e4 Bb4 16. exd5 cxd5 17. Nxd5 Nxd5 18. Bxd5 Qxd5 19. Qxd5 Bxd5 20. Rxd5 O-O 21. a3 Bc5 22. Bd2 a4 23. Re1 Rfd8 24. Rxd8+ Rxd8 25. Bc3 f6 26. g3 Rd3 27. Kg2 Bxa3 28. Re8+ Bf8 29. Bb4 Kf7 30. Rxf8+ Ke6 31. Ra8 Rb3 32. Bc3 1-0

[Event "SVK Amateur-ch 2020"]
[Site "Topolcany"]
[Date "2020.07.10"]
[Round "2.13"]
[White "Bielik, Miroslav"]
[Black "Janco, Darius"]
[Result "0-1"]
[ECO "D93"]
[WhiteElo "2133"]
[BlackElo "2003"]
[Annotator "ChessBase"]
[PlyCount "74"]
[EventDate "2020.07.10"]
[EventType "swiss"]
[EventCountry "SVK"]
[SourceTitle "playchess.com"]
[Source "ChessBase"]
[SourceQuality "1"]
[TimeControl "3600+30"]

1. d4 g6 2. Nf3 Bg7 3. c4 Nf6 4. Nc3 O-O 5. Bf4 d5 6. e3 c5 7. dxc5 Qa5 8. Qa4 Qxc5 9. b4 Qc6 10. b5 Qc5 11. Qb3 Nh5 12. Bxb8 Rxb8 13. Rd1 dxc4 14. Bxc4 Bg4 15. Na4 Qc7 16. Be2 Qa5+ 17. Nd2 Be6 18. Bc4 Bxc4 19. Qxc4 Rbc8 20. Qb3 Rfd8 21. Ke2 a6 22. bxa6 b5 23. Nc4 bxc4 24. Qb6 Bc3 25. a7 Re8 26. Qxa5 Bxa5 27. Rd7 Nf6 28. Rb7 Ra8 29. Rhb1 Kg7 30. R1b5 Bd8 31. Rc5 Ne4 32. Rc6 Nd6 33. Rd7 Kf6 34. f3 Ke6 35. Rdc7 Bxc7 36. Rxc7 Nb5 37. Rb7 Nxa7 0-1

[Event "SVK Amateur-ch 2020"]
[Site "Topolcany"]
[Date "2020.07.10"]
[Round "2.13"]
[White "Lesniak Wojciech"]
[Black "Mirowska Oliwia"]
[Result "0-1"]
[ECO "D91"]
[WhiteElo "1208"]
[BlackElo "1898"]
[Annotator "NA"]
[PlyCount "48"]
[EventDate "2020.07.10"]
[EventType "swiss"]
[EventCountry "SVK"]
[SourceTitle "playchess.com"]
[Source "ChessBase"]
[SourceQuality "1"]
[TimeControl "3600+30"]

1. d4 Nf6 2. c4 c6 3. Nc3 d5 4. Nf3 Nbd7 5. Bg5 g6 6. e3 Bg7 7. cxd5 {[%emt 0:00:42] D91: Grünfeld: 4 Nf3 Bg7 5 Bg5.} cxd5 8. Bd3 O-O 9. O-O a6 10. Qb3 {[%emt 0:05:15] [#]} Nb6 $146 ({Predecessor:} 10... e6 11. e4 dxe4 12. Nxe4 h6 13. Bh4 g5 14. Bg3 Nd5 15. Nd6 Nf4 16. Bxf4 gxf4 {1-0 (38) Lomineishvili,M (2342)-Arakhamia Grant,K (2347) Tbilisi 2018}) 11. a4 e6 12. a5 Nbd7 13. Rfe1 Re8 14. e4 dxe4 15. Nxe4 h6 16. Nd6 hxg5 {[%emt 0:00:54] [#]} 17. Nxg5 (17. Bxg6 $1 $18 {[%mdl 512] and the rest is easy.} Nf8 (17... fxg6 18. Rxe6) 18. Bxf7+ {[%mdl 64] Double Attack} Kh8 19. Nxe8 Nxe8 20. d5) 17... Re7 (17... Nf8 $16 18. Ngxf7 Qd7) 18. Bxg6 $2 (18. Ngxf7 $18 Rxf7 19. Nxf7) 18... Nf8 $2 (18... fxg6 $14 19. Rxe6 {[#]} Nc5 $1 20. dxc5 Rxe6) 19. Ngxf7 Qd7 20. Rac1 $2 (20. Nxc8 $17 {was the crucial defense.} Rxc8 21. Ne5 Qxd4 22. Rad1) 20... Nxg6 21. Rxc8+ Rxc8 22. Nxc8 Qxc8 $19 23. Ng5 Nf4 24. Qg3 Ne2+ 0-1

[Event "SVK Amateur-ch 2020"]
[Site "Topolcany"]
[Date "2020.07.10"]
[Round "2.14"]
[White "Bodnar Zoltan"]
[Black "Sokol, Eduard"]
[Result "1-0"]
[ECO "E90"]
[WhiteElo "2150"]
[BlackElo "1576"]
[Annotator "ChessBase"]
[PlyCount "88"]
[EventDate "2020.07.10"]
[EventType "swiss"]
[EventCountry "SVK"]
[SourceTitle "playchess.com"]
[Source "ChessBase"]
[SourceQuality "1"]
[TimeControl "3600+30"]

1. d4 Nf6 2. c4 g6 3. Nc3 d6 4. e4 Bg7 5. h3 O-O 6. Bg5 Nbd7 7. Nf3 e5 8. d5 b6 9. Bd3 Nc5 10. Bc2 a5 11. a3 Bb7 12. Nd2 h6 13. Be3 Ncd7 14. g4 Nh7 15. h4 Re8 16. Nf1 Qe7 17. Ba4 Red8 18. b4 Ba6 19. Bb3 Qf8 20. Ng3 Bc8 21. Nb5 axb4 22. axb4 Rxa1 23. Qxa1 Ndf6 24. f3 Qe7 25. Qc1 h5 26. g5 Ne8 27. c5 bxc5 28. bxc5 Bd7 29. c6 Bc8 30. Bc4 Ba6 31. Nxd6 Bxc4 32. Nxc4 Qb4+ 33. Bd2 Qb3 34. O-O f6 35. Ne2 Bf8 36. gxf6 Nhxf6 37. Qc3 Rb8 38. Qxb3 Rxb3 39. Nxe5 Bc5+ 40. Kg2 Kg7 41. Nd7 Be7 42. Bc3 Kh7 43. d6 cxd6 44. Nxf6+ Nxf6 1-0

[Event "SVK Amateur-ch 2020"]
[Site "Topolcany"]
[Date "2020.07.10"]
[Round "2.14"]
[White "Chlpek, Daniel"]
[Black "Gromovs, Sergejs"]
[Result "0-1"]
[ECO "A11"]
[WhiteElo "1969"]
[BlackElo "2131"]
[Annotator "ChessBase"]
[PlyCount "92"]
[EventDate "2020.07.10"]
[EventType "swiss"]
[EventCountry "SVK"]
[SourceTitle "playchess.com"]
[Source "ChessBase"]
[SourceQuality "1"]
[TimeControl "3600+30"]

1. c4 c6 2. d4 d6 3. e4 Nd7 4. Nc3 h6 5. Be3 g5 6. g3 Bg7 7. Nge2 Nf8 8. Bg2 Qa5 9. O-O h5 10. d5 cxd5 11. Nxd5 Ne6 12. Nd4 h4 13. b4 Qd8 14. b5 Nxd4 15. Bxd4 Bxd4 16. Qxd4 e5 17. Qd2 Be6 18. Rfd1 hxg3 19. fxg3 f6 20. Qf2 Kf7 21. Rac1 b6 22. a4 Nh6 23. Rf1 Ng4 24. Qf3 Rxh2 25. Nxf6 Rxg2+ 26. Kxg2 Nxf6 27. Qh5+ Ke7 28. Qxg5 Qh8 29. Rh1 Rg8 30. Rxh8 Rxg5 31. Ra8 Nxe4 32. Rxa7+ Bd7 33. Kf3 Nc5 34. Rh1 e4+ 35. Kg2 Kf6 36. Rd1 Ke6 37. a5 bxa5 38. Rxa5 Rg8 39. Ra2 Nd3 40. Ra6 Rc8 41. b6 Rxc4 42. b7 Rc2+ 43. Kf1 Rb2 44. Ra7 Bc6 45. Rd2 Rb1+ 46. Kg2 e3+ 0-1

[Event "SVK Amateur-ch 2020"]
[Site "Topolcany"]
[Date "2020.07.10"]
[Round "2.15"]
[White "Pniaczek Marek"]
[Black "Bebjak Tomas"]
[Result "1-0"]
[ECO "C65"]
[WhiteElo "2102"]
[BlackElo "1562"]
[Annotator "RC"]
[PlyCount "55"]
[EventDate "2020.07.10"]
[EventType "swiss"]
[EventCountry "SVK"]
[SourceTitle "playchess.com"]
[Source "ChessBase"]
[SourceQuality "1"]
[TimeControl "3600+30"]

1. e4 e5 2. Nf3 Nc6 3. Bb5 Nf6 4. O-O Bd6 5. d4 exd4 6. Bxc6 dxc6 7. e5 O-O 8. exd6 cxd6 9. Qxd4 h6 10. Bf4 d5 11. Nc3 Be6 12. Rfe1 Nd7 13. Ne5 c5 14. Qd2 Nf6 15. Rad1 a6 16. f3 b5 17. b3 Qb6 18. Ne2 Rad8 19. c3 c4+ 20. Qd4 Qb7 21. Bg3 cxb3 22. axb3 Rc8 23. Bf4 Bf5 24. Nd3 a5 25. Nc5 Qa8 26. Ng3 Ne4 27. Ngxe4 dxe4 28. fxe4 1-0

[Event "SVK Amateur-ch 2020"]
[Site "Topolcany"]
[Date "2020.07.10"]
[Round "2.16"]
[White "Kaniansky Miroslav"]
[Black "Dubnicka, Ferdinand"]
[Result "1-0"]
[ECO "D38"]
[WhiteElo "2100"]
[BlackElo "1557"]
[Annotator "RC"]
[PlyCount "61"]
[EventDate "2020.07.10"]
[EventType "swiss"]
[EventCountry "SVK"]
[SourceTitle "playchess.com"]
[Source "ChessBase"]
[SourceQuality "1"]
[TimeControl "3600+30"]

1. d4 Nf6 2. Nf3 d5 3. c4 e6 4. Nc3 Bb4 5. Bg5 O-O 6. e3 a6 7. Qb3 Ba5 8. Bd3 c6 9. O-O Nbd7 10. e4 Qb6 11. e5 Qxb3 12. axb3 Bxc3 13. bxc3 Ne4 14. Bxe4 dxe4 15. Nd2 f5 16. exf6 gxf6 17. Bh6 f5 18. Bxf8 Kxf8 19. Rae1 Nf6 20. f3 exf3 21. Rxf3 h5 22. c5 Kf7 23. Nc4 Ne8 24. Ne5+ Kg7 25. Rg3+ Kh7 26. Rg5 Ng7 27. Re3 b5 28. cxb6 Bb7 29. Reg3 Rg8 30. Nd7 h4 31. Nf6+ 1-0

[Event "SVK Amateur-ch 2020"]
[Site "Topolcany"]
[Date "2020.07.10"]
[Round "2.16"]
[White "Meszarosova, Eva"]
[Black "Kalisky, Vladimir"]
[Result "0-1"]
[ECO "B33"]
[WhiteElo "1976"]
[BlackElo "2136"]
[Annotator "ChessBase"]
[PlyCount "86"]
[EventDate "2020.07.10"]
[EventType "swiss"]
[EventCountry "SVK"]
[SourceTitle "playchess.com"]
[Source "ChessBase"]
[SourceQuality "1"]
[TimeControl "3600+30"]

1. e4 c5 2. Nf3 Nc6 3. d4 cxd4 4. Nxd4 Nf6 5. Nc3 g6 6. Nxc6 bxc6 7. e5 Ng8 8. Bc4 Bg7 9. Bf4 f6 10. Qf3 Qa5 11. O-O-O fxe5 12. Bd2 Nf6 13. Rhe1 Qc7 14. Bg5 Rb8 15. Ne4 Rf8 16. Nxf6+ Bxf6 17. Bxf6 exf6 18. Bb3 d5 19. Qc3 Rb7 20. h4 Bd7 21. h5 Kd8 22. hxg6 hxg6 23. Rh1 Qb6 24. f3 Qb4 25. Qd3 Bf5 26. Qa6 Qb6 27. Qa3 Qb4 28. Qa6 Kc7 29. Rh7+ Kb8 30. Rxb7+ Qxb7 31. Qa3 Rd8 32. Qc5 Qd7 33. g4 Be6 34. Ba4 Qd6 35. Qa5 d4 36. Rd3 c5 37. Ra3 Qb6 38. Qe1 Bd5 39. Qh4 c4 40. Qg3 g5 41. Qf2 Rh8 42. Qg2 Qb4 43. Bd7 Qe1# 0-1

[Event "SVK Amateur-ch 2020"]
[Site "Topolcany"]
[Date "2020.07.10"]
[Round "2.17"]
[White "Wisniewski, Michal"]
[Black "Juan Mas, Santiago"]
[Result "1-0"]
[ECO "A06"]
[WhiteElo "2127"]
[BlackElo "1983"]
[Annotator "ChessBase"]
[PlyCount "81"]
[EventDate "2020.07.10"]
[EventType "swiss"]
[EventCountry "SVK"]
[SourceTitle "playchess.com"]
[Source "ChessBase"]
[SourceQuality "1"]
[TimeControl "3600+30"]

1. Nf3 d5 2. c4 c6 3. g3 Nf6 4. Bg2 Bf5 5. cxd5 cxd5 6. Qb3 Qb6 7. Qxb6 axb6 8. Nc3 Nc6 9. O-O e6 10. d3 Be7 11. Bf4 O-O 12. a3 Nd7 13. e4 dxe4 14. dxe4 Bg4 15. Rad1 Nc5 16. Bd6 e5 17. Bxe7 Nxe7 18. Rd6 Bxf3 19. Bxf3 Nc6 20. Nd5 Rfd8 21. Rxd8+ Rxd8 22. b4 Ne6 23. Bg4 Ra8 24. Bxe6 fxe6 25. Nxb6 Rxa3 26. b5 Nd4 27. Nc4 Nf3+ 28. Kg2 Rc3 29. Rd1 Nh4+ 30. gxh4 Rxc4 31. Rd8+ Kf7 32. Rd7+ Kf6 33. f3 h5 34. Rxb7 Rc2+ 35. Kg3 Rb2 36. b6 g5 37. hxg5+ Kxg5 38. Rb8 Kg6 39. b7 Kg7 40. h3 Kf7 41. Rh8 1-0

[Event "SVK Amateur-ch 2020"]
[Site "Topolcany"]
[Date "2020.07.10"]
[Round "2.17"]
[White "Sabela, Pavol"]
[Black "Lecky, Juraj"]
[Result "0-1"]
[ECO "A45"]
[WhiteElo "1582"]
[BlackElo "2083"]
[Annotator "ChessBase"]
[PlyCount "54"]
[EventDate "2020.07.10"]
[EventType "swiss"]
[EventCountry "SVK"]
[SourceTitle "playchess.com"]
[Source "ChessBase"]
[SourceQuality "1"]
[TimeControl "3600+30"]

1. d4 Nf6 2. Nd2 c5 3. c3 d6 4. Ngf3 g6 5. e3 Bg7 6. Bc4 O-O 7. d5 e6 8. e4 exd5 9. exd5 Re8+ 10. Kf1 Nbd7 11. b4 cxb4 12. Bb2 bxc3 13. Bxc3 Nb6 14. Bxf6 Qxf6 15. Rc1 Bd7 16. h4 Nxc4 17. Nxc4 Bb5 18. g3 Bh6 19. Ng5 Rac8 20. Qb3 Bxg5 21. hxg5 Qxg5 22. Kg2 Qxd5+ 23. Kh2 Bxc4 24. Qb2 Qf5 25. Rhe1 Qh5+ 26. Kg1 Bd5 27. Rxe8+ Rxe8 0-1

[Event "SVK Amateur-ch 2020"]
[Site "Topolcany"]
[Date "2020.07.10"]
[Round "2.18"]
[White "Redzisz, Michal"]
[Black "Skreno, Vladimir"]
[Result "1/2-1/2"]
[ECO "D70"]
[WhiteElo "1972"]
[BlackElo "2119"]
[Annotator "ChessBase"]
[PlyCount "50"]
[EventDate "2020.07.10"]
[EventType "swiss"]
[EventCountry "SVK"]
[SourceTitle "playchess.com"]
[Source "ChessBase"]
[SourceQuality "1"]
[TimeControl "3600+30"]

1. d4 Nf6 2. c4 g6 3. Nf3 Bg7 4. g3 d5 5. cxd5 Qxd5 6. Bg2 c6 7. O-O Qh5 8. Nc3 O-O 9. Qb3 Nbd7 10. a4 e5 11. dxe5 Nxe5 12. Nxe5 Qxe5 13. Bf4 Qe6 14. Qa3 Re8 15. Rfd1 Nh5 16. Bd6 Nf6 17. a5 Bd7 18. Qb4 Nd5 19. Nxd5 cxd5 20. Bxd5 Qxe2 21. Bxb7 Qxb2 22. Qxb2 Bxb2 23. Rab1 Ba4 24. Bxa8 Bxd1 25. Rxb2 Rxa8 1/2-1/2

[Event "SVK Amateur-ch 2020"]
[Site "Topolcany"]
[Date "2020.07.10"]
[Round "2.19"]
[White "Bochnicka, Vladimir"]
[Black "Nikel, Rastislav"]
[Result "1/2-1/2"]
[ECO "C54"]
[WhiteElo "2092"]
[BlackElo "1982"]
[Annotator "ChessBase"]
[PlyCount "147"]
[EventDate "2020.07.10"]
[EventType "swiss"]
[EventCountry "SVK"]
[SourceTitle "playchess.com"]
[Source "ChessBase"]
[SourceQuality "1"]
[TimeControl "3600+30"]

1. e4 e5 2. Nf3 Nc6 3. Bc4 Bc5 4. c3 Nf6 5. d3 d6 6. Nbd2 O-O 7. O-O d5 8. exd5 Nxd5 9. Re1 Nf4 10. Ne4 Bd6 11. Bxf4 exf4 12. d4 Bg4 13. Bb3 h6 14. Bc2 f5 15. Nxd6 cxd6 16. h3 Bh5 17. Qd3 Qf6 18. Re2 Rae8 19. Rxe8 Bxe8 20. Re1 Bd7 21. Qc4+ Kh8 22. d5 Ne5 23. Qxf4 g5 24. Qe3 Re8 25. Nxe5 Rxe5 26. Qd2 b6 27. f3 Kg7 28. Kf2 Bb5 29. g3 Bc4 30. Rxe5 Qxe5 31. Bb3 Ba6 32. Qe3 Kf6 33. f4 gxf4 34. gxf4 Qe4 35. Qxe4 fxe4 36. Ke3 Bd3 37. a3 Kf5 38. Bd1 Kg6 39. Bg4 h5 40. Bd7 h4 41. Kd4 Kf6 42. b4 Bc2 43. c4 Bb1 44. a4 Bc2 45. Ke3 Bd3 46. Kd4 Bc2 47. a5 Bd3 48. axb6 axb6 49. Bg4 Bb1 50. c5 dxc5+ 51. bxc5 bxc5+ 52. Kxc5 Bd3 53. d6 e3 54. Kc6 Bf5 55. Bxf5 Kxf5 56. d7 e2 57. d8=Q e1=Q 58. Qg5+ Ke6 59. f5+ Kf7 60. Qg6+ Kf8 61. Qf6+ Ke8 62. Qh8+ Kf7 63. Qh7+ Kf8 64. Qh6+ Kf7 65. Qg6+ Kf8 66. f6 Qe6+ 67. Kc5 Qe5+ 68. Kc4 Qf4+ 69. Kd5 Qg3 70. Qe4 Qb3+ 71. Ke5 Qg3+ 72. Qf4 Qc3+ 73. Ke4 Kf7 74. Qf5 1/2-1/2